 Dungeon Crawl Stone Soup version 0.27.0-1-g7a089689b8 (webtiles) character file.

Game seed: 125730175099990472

44 Descartes the Stinger (level 3, 0/14 HPs)
             Began as a Felid Venom Mage on Aug 16, 2021.
             Slain by a jackal (2 damage)
             ... on level 1 of the Dungeon.
             The game lasted 00:04:20 (1644 turns).

Descartes the Stinger (Felid Venom Mage)            Turns: 1644, Time: 00:04:21

Health: 0/14       AC:  1    Str:  5    XL:     3   Next: 39%
Magic:  6/7        EV: 17    Int: 16    God:
Gold:   8          SH:  0    Dex: 16    Spells: 5/6 levels left
                                        Lives:  0   Deaths: 0

rFire    . . .     SeeInvis +   (weapon unavailable)
rCold    . . .     Faith    .   (shield unavailable)
rNeg     . . .     Spirit   .   (armour unavailable)
rPois    .         Reflect  .   (helmet unavailable)
rElec    .         Harm     .   (cloak unavailable)
rCorr    .         Rampage  .   (gloves unavailable)
Will     .....                  (boots unavailable)
Stlth    ++........             (no amulet)
HPRegen  0.04/turn              (no ring)
MPRegen  0.10/turn              (no ring)

@: quick
A: very small, claws 1, fangs 3, see invisible, speed 1, shaggy fur 1, stealthy
paws, no weapons or thrown items, no armour, multi-lived
a: no special abilities


You were on level 1 of the Dungeon.
You visited 1 branch of the dungeon, and saw 2 of its levels.

You collected 8 gold pieces.

Inventory:

Missiles
 a - 19 stones
Scrolls
 b - a scroll of amnesia {unknown}
 d - a scroll of fear {unknown}
Potions
 c - a potion of might {unknown}


   Skills:
 - Level 2.6 Dodging
 - Level 2.6 Stealth
 - Level 2.0 Spellcasting
 - Level 1.1 Transmutations
 + Level 4.1 Poison Magic


You had 5 spell levels left.
You knew the following spells:

 Your Spells              Type           Power      Damage    Failure   Level
a - Sting                 Tmut/Pois      36%        1d4       7%          1

Your spell library contained the following spells:

 Spells                   Type           Power      Damage    Failure   Level
 Poisonous Vapours        Pois/Air       16%        N/A       14%         2
 Mephitic Cloud           Conj/Pois/Air  6%         N/A       34%         3
 Olgreb's Toxic Radiance  Pois           14%        N/A       36%         4


Dungeon Overview and Level Annotations

Branches:
Dungeon (2/15)

Altars:


Innate Abilities, Weirdness & Mutations

You have sharp claws.
You have razor-sharp teeth.
You have supernaturally acute eyesight. (SInv)
You cover ground quickly. (Speed+)
You are covered in fur. (AC +1)
Your paws help you pounce on unaware monsters.
You are incapable of wielding weapons or throwing items.
You cannot wear armour.
You gain extra lives every three experience levels.


Message History

A quokka comes into view.
The jackal bites you but does no damage.
The jackal closely misses you. The hobgoblin closely misses you.
The jackal misses you.
There is a stone staircase leading up here.
The jackal bites you. The jackal barely misses you.
The hobgoblin barely misses you. The quokka bites you. x2
* * * LOW HITPOINT WARNING * * *
The jackal closely misses you.
You climb upwards.
There is a stone staircase leading down here.
The jackal closely misses you. The jackal completely misses you.
The quokka closely misses you. The hobgoblin barely misses you.
You climb downwards.
There is a stone staircase leading up here.
The quokka closely misses you. The quokka completely misses you.
The quokka closely misses you. The hobgoblin hits you.
* * * LOW HITPOINT WARNING * * *
The jackal misses you. The hobgoblin closely misses you.
The jackal closely misses you. The hobgoblin closely misses you.
There is a stone staircase leading up here.
The jackal completely misses you. The hobgoblin barely misses you.
You climb upwards.
There is a stone staircase leading down here.
The jackal closely misses you. The jackal barely misses you.
The jackal misses you. The jackal misses you.
Casting: Sting (safe; 7% risk of failure)
Confirm with . or Enter, or press ? or * to list all spells.
Aiming: Sting (safe; 7% risk of failure)
Press: ? - help, Shift-Dir - straight line, f - jackal
Aim: a jackal (60% to hit)
The sting hits the jackal.
The jackal is poisoned.
The jackal is lightly wounded.
The jackal completely misses you. The jackal bites you.
You die...

......#.#####..##...........##...
#.###.#.# #..##..###......##...
#.###.#.#####..##..# #...........
...................# #..##†###...
.....#..#####...##.####.##.# #...
#.##.#..#####.........).##.###...
#.##.#..........##.####..........
#.##.##....................###...
#.##.##.........@................
#.g.†.g.........#h#####.##.###..#
####.##..#.##.#.#r.........# #..#
####.###.#.##.#.#..........# #.†#
............)...#..........# #...
.....####..##.###..........# ##..
..##.# ##..##.###..........######
.....###)........................
#'''##.#.#.##.###..........######


You could see a quokka and a jackal (poisoned).

Vanquished Creatures
  2 dart slugs (D:1)
  3 bats (D:1)
  A giant cockroach (D:1)
  5 hobgoblins (D:1)
  10 jackals (D:1)
  A quokka (D:1)
  6 ball pythons (D:1)
  A frilled lizard (D:1)
  2 goblins (D:1)
  2 kobolds (D:1)
  2 rats (D:1)
35 creatures vanquished.

Notes
Turn   | Place    | Note
-------+----------+-------------------------------------------
     0 | D:1      | Descartes the Felid Venom Mage began the quest for the Orb.
     0 | D:1      | Reached XP level 1. HP: 7/7 MP: 4/4
    65 | D:1      | Reached skill level 3 in Poison Magic
   103 | D:1      | Reached XP level 2. HP: 6/11 MP: 0/6
   499 | D:1      | Found a faded altar of an unknown god.
   830 | D:1      | Reached XP level 3. HP: 14/14 MP: 2/7
   953 | D:1      | Reached skill level 4 in Poison Magic
  1644 | D:1      | Slain by a jackal

Illustrated notes

Levels and vault maps discovered:
D:1:      dpeg_arrival_windows_large_door, layout_basic,
          shapermc_ecumenical_altar_starsandcircs
D:2:      layout_rooms, uniq_natasha

Skill      XL: |  1  2  3 |
---------------+----------+-----
Poison Magic   | 3 4 |  4.1
Dodging        | |  2.6
Stealth        | |  2.6
Spellcasting   | |  2.0
Transmutations | |  1.1

Action                   || total
-------------------------++-------
Melee: Unarmed           ||     5
       Bite              ||     1
 Cast: Sting             ||    58
Armor: Skin              ||     4
Dodge: Dodged            ||    60
